Map: Pylon LE

Players

Zoun - Winner!

  • Race: Protoss Protoss
  • Spawn Location: 11:00

ByuN

  • Race: Terran Terran
  • Spawn Location: 5:00

Event: Esports World Cup 2025

VOD

Have the link to the VOD?

Description

Time

  • Played on: July 23, 2025, 6:03 a.m.
  • Length: 8:43

All games in this series

Show
View Real Time Build Order
Export as new Build Order

Zoun Protoss - Winner!

Build Orders: 1 Gate Expand, Phoenix Opening, Blink Stalkers 

Get SALT Encoding   

  12  0:00  Probe  
  13  0:12  Probe  
  14  0:17  Pylon  
  14  0:23  Probe  
  15  0:31  Probe  
  15  0:35  Gateway  
  15  0:39  Probe  
  16  0:45  Assimilator  
  17  0:51  Probe  
  18  1:03  Probe  
  19  1:15  Probe  
  20  1:22  Nexus  
  20  1:32  Cybernetics Core  
  20  1:37  Probe  
  21  1:41  Assimilator  
  21  1:49  Probe  
  21  1:51  Pylon  
  22  1:57  Stalker  
  22  2:01  Probe  
  23  2:10  Warp Gate  
  23  2:13  Probe  
  26  2:24  Phoenix  
  26  2:25  Probe  
  26  2:26  Sentry  
  29  2:30  Probe  
  29  2:33  Shield Battery  
  30  2:37  Probe  
  30  2:38  Twilight Council  
  30  2:39  Probe  
  32  2:46  Blink  
  32  2:48  Stalker  
  32  2:50  Probe  
  33  2:54  Probe  
  36  3:04  Probe  
  37  3:06  Gateway  
  37  3:09  Phoenix  
  37  3:11  Probe  
  38  3:17  Probe  
  39  3:24  Probe  
  40  3:27  Gateway  
  40  3:30  Probe  
  40  3:32  Pylon  
  41  3:36  Probe  
  41  3:37  Robotics Facility  
  42  3:42  Probe  
  42  3:47  Assimilator  
  43  3:48  Probe  
  43  3:49  Assimilator  
  44  3:55  Pylon  
  44  3:56  Probe  
  44  3:59  Stalker  
  44  4:00  Probe  
  48  4:03  Stalker  
  48  4:08  Probe  
  51  4:13  Probe  
  52  4:20  Probe  
  52  4:21  Pylon  
  52  4:23  Observer  
  54  4:25  Probe  
  54  4:28  Stalker x2  
  54  4:30  Stalker  
  61  4:33  Probe  
  62  4:39  Probe  
  62  4:45  Probe  
  64  4:46  Templar Archives  
  64  4:54  Charge  
  64  4:57  Pylon  
  64  5:05  Stalker x2  
  68  5:10  Psionic Storm  
  68  5:14  Stalker  
  70  5:16  Pylon  
  70  5:17  Observer  
  70  5:20  Nexus  
  70  5:23  Pylon  
  70  5:36  Gateway  
  70  5:37  Probe x2  
  70  5:38  Gateway  
  72  5:44  Gateway  
  72  5:51  Stalker x3  
  78  5:59  Probe x2  
  78  6:01  Shield Battery  
  78  6:02  Observer  
  78  6:03  Observer  
  80  6:04  Gateway  
  80  6:07  Gateway  
  80  6:17  High Templar x2  
  84  6:19  Zealot  
  81  6:33  Probe x2  
  83  6:40  Warp Prism  
  83  6:43  Zealot x4  
  91  6:51  Pylon x2  
  93  6:55  High Templar x2  
  93  7:00  Gateway x2  
  97  7:02  Phoenix  
  97  7:04  Zealot  
  97  7:06  High Templar  
  97  7:08  Zealot x3  
  103  7:17  Zealot  
  105  7:23  Pylon  
  105  7:24  Pylon  
  105  7:26  Stalker  
  107  7:31  Stalker x3  
  107  7:36  Zealot x2  
  117  7:44  Zealot x2  
  115  7:57  Zealot x5  
  115  7:58  Zealot x2  
  113  8:03  High Templar  
  113  8:07  Zealot x2  
  113  8:12  Probe  
  118  8:24  Zealot x7  
  122  8:29  Zealot x2  
Show
View Real Time Build Order
Export as new Build Order

ByuN Terran 

Build Orders:  

Get SALT Encoding   

  12  0:00  SCV  
  13  0:12  SCV  
  14  0:17  Supply Depot  
  14  0:24  SCV  
  15  0:38  SCV  
  15  0:39  Barracks  
  16  0:43  Refinery  
  16  0:50  SCV  
  17  1:02  SCV  
  18  1:14  SCV  
  19  1:25  Marine  
  19  1:27  Orbital Command  
  20  1:40  Command Center  
  20  1:44  Barracks Tech Lab  
  20  1:51  Supply Depot  
  20  1:55  SCV  
  21  2:02  Marauder  
  21  2:04  Concussive Shells  
  23  2:13  SCV  
  24  2:16  Barracks  
  24  2:24  Marauder  
  24  2:25  SCV  
  27  2:37  SCV  
  27  2:38  Barracks  
  28  2:44  Marine  
  28  2:47  Stimpack  
  28  2:49  SCV  
  30  2:52  Orbital Command  
  30  3:01  SCV  
  30  3:04  Barracks Reactor  
  30  3:05  Engineering Bay  
  31  3:08  Marine  
  32  3:14  SCV  
  33  3:24  SCV  
  33  3:25  Marine  
  33  3:26  SCV  
  36  3:27  Marine  
  36  3:30  Refinery  
  36  3:31  Terran Infantry Weapons Level 1  
  36  3:32  Supply Depot  
  37  3:37  SCV  
  37  3:38  SCV  
  39  3:41  Marine x2  
  39  3:44  Barracks Tech Lab  
  41  3:48  Supply Depot  
  41  3:49  SCV  
  41  3:50  SCV  
  41  3:51  Marine  
  44  4:00  Marine x2  
  44  4:01  SCV  
  44  4:02  SCV  
  48  4:04  Marine, Combat Shield  
  48  4:05  Refinery  
  48  4:08  Marine  
  50  4:11  Supply Depot  
  50  4:13  SCV  
  50  4:16  SCV  
  52  4:20  Marine x2  
  54  4:25  SCV  
  54  4:26  Factory  
  54  4:30  SCV  
  56  4:31  Marauder  
  56  4:32  Marauder  
  56  4:35  Supply Depot  
  61  4:38  Marine x2  
  61  4:43  SCV x2  
  64  4:53  Marauder x2  
  64  4:55  SCV x2  
  64  4:56  Marine x2  
  64  4:58  Supply Depot  
  69  5:11  Factory Reactor, Starport  
  69  5:14  Marauder x2, Marine x2, SCV x2  
  69  5:17  Refinery  
  76  5:21  Supply Depot  
  76  5:25  Terran Infantry Armor Level 1  
  76  5:27  SCV x2  
  75  5:32  Marine  
  76  5:36  Marauder x2  
  76  5:37  Bunker  
  76  5:39  Marine  
  76  5:40  SCV  
  81  5:47  SCV  
  81  5:52  SCV  
  81  5:57  Supply Depot, Medivac x2  
  82  5:58  Marauder x2  
  82  5:59  Marine  
  91  6:05  Supply Depot  
  91  6:06  Supply Depot  
  91  6:09  SCV  
  92  6:11  Factory Reactor  
  90  6:20  Marauder x2, Marine x2  
  95  6:31  Medivac x2  
  97  6:40  Marine x2  
  97  6:45  Marauder  
  97  6:46  Marauder  
  103  6:48  Command Center  
  103  6:59  Barracks  
  103  7:00  SCV x2  
  105  7:03  Barracks  
  105  7:05  Marine x2  
  105  7:07  Marauder  
  105  7:08  Marauder  
  111  7:14  Ghost Academy  
  111  7:21  Medivac, Widow Mine x2  
  117  7:25  Medivac  
  117  7:28  Marauder, SCV x2  
  117  7:29  Marauder  
  125  7:31  Supply Depot  
  125  7:37  Marine  
  125  7:42  Marine, SCV x2  
  122  7:52  Marauder x2  
  122  7:54  Marine  
  113  7:58  Widow Mine  
  113  8:02  Marine x2  
  92  8:09  SCV  
  92  8:10  Orbital Command  
  92  8:11  Barracks Tech Lab  
  92  8:12  Barracks Reactor  
  92  8:13  Ghost x2, Medivac  
  88  8:20  Marine x2  
  88  8:24  SCV x2  
Tags
 
Add a new tag
Caveats
  • Supply blocks, unpowered buildings, or Contaminate may cause inaccurate times.
  • Supply counts are checked every 10 seconds.